 Dungeon Crawl Stone Soup version 0.32-a0-938-g40ac7a0 (webtiles) character file.

Game seed: 12935501882914775158

72 yaymichael the Chopper (level 4, -1/37 HPs)
             Began as a Mountain Dwarf Reaver on Apr 18, 2024.
             Killed from afar by Ijyb (12 damage)
             ... with a bolt of light
             ... on level 3 of the Dungeon.
             The game lasted 00:07:01 (1583 turns).

yaymichael the Chopper (Mountain Dwarf Reaver)      Turns: 1583, Time: 00:07:01

Health: -1/37      AC:  6    Str: 14    XL:     4   Next: 6%
Magic:  4/6        EV: 10    Int: 16    God:
Gold:   108        SH:  5    Dex:  8    Spells: 0/6 levels left

rFire   . . .        s - +3 mace (holy)
rCold   . . .        (no shield)
rNeg    + . .        b - +1 leather armour
rPois   +            p - +0 helmet
rElec   .            (no cloak)
rCorr   .            t - +0 pair of gloves
SInv    .            (no boots)
Will    .....        d - amulet of reflection
Stlth   +            l - ring of poison resistance
HPRegen 0.26/turn    r - ring of positive energy
MPRegen 0.10/turn

%: reflection
@: brilliant, very slightly contaminated
A: runic magic, artefact enchanting
a: no special abilities


You were on level 3 of the Dungeon.
You visited 1 branch of the dungeon, and saw 3 of its levels.

You collected 108 gold pieces.

Inventory:

Hand Weapons
 a - a +0 hand axe
 s - a +3 mace of holy wrath (weapon)
Missiles
 f - 2 javelins
 h - 10 poisoned darts
Armour
 b - a +1 leather armour (worn)
 p - a +0 helmet (worn)
 t - a +0 pair of gloves (worn)
Jewellery
 c - an amulet of magic regeneration
 d - an amulet of reflection (around neck)
 l - a ring of poison resistance (left hand)
 r - a ring of positive energy (right hand)
Scrolls
 e - a scroll of immolation
 g - a scroll of teleportation
 j - 3 scrolls of identify {unknown}
 m - a scroll of fear {unknown}
 v - a scroll of vulnerability {unknown}
Potions
 k - a potion of brilliance
 n - a potion of haste {unknown}
 o - 2 potions of ambrosia {unknown}
 q - 2 potions of degeneration {unknown}
 u - a potion of curing {unknown}


   Skills:
 * Level 2.7 Fighting
 * Level 4.6 Axes
 + Level 1.0 Armour
 * Level 1.7 Dodging
 + Level 1.9 Spellcasting
 * Level 3.0 Conjurations


You couldn't memorise any spells.
You knew the following spells:

 Your Spells              Type           Power      Damage    Failure   Level
a - Kiss of Death         Conj/Necr      36%        2d8       12%         1
b - Momentum Strike       Conj/Tloc      18%        3d8       17%         2
c - Hailstorm             Conj/Ice       9%         3d6       34%         3

Your spell library contained the following spells:

 Spells                   Type           Power      Damage    Failure   Level
 Inner Flame              Hex/Fire       2%         N/A       54%         3
 Flame Wave               Conj/Fire      9%         2d6       75%         4
 Sticky Flame             Fire/Alch      2%         2d4       91%         4


Dungeon Overview and Level Annotations

Branches:
Dungeon (3/15)

Altars:
Ashenzari
Vehumet

Shops:
D:2 (

Annotations:
D:3 Ijyb, Sigmund


Innate Abilities, Weirdness & Mutations

Your spellcasting is much less encumbered by armour.
You can use scrolls of enchantment on lesser artefacts.


Message History

Found a fizzy golden potion.
Found a scroll of teleportation and 4 gold pieces.
Found a radiant altar of Vehumet.
Okay, then.
o - 2 fizzy golden potions (gained 1)
There are no items here.
A hobgoblin comes into view.
The hobgoblin shouts!
Ijyb the Inquisitive comes into view.
She is wielding a +0 club, wearing a +1 leather armour of cold resistance and carrying a wand of light.
Ijyb shouts!
You hear the rusting of a drain nearby.
Okay, then.
Okay, then.
Okay, then.
Casting: Kiss of Death (safe; 12% risk of failure)
Confirm with . or Enter, or press ? or * to list all spells.
Aiming: Momentum Strike (safe; 17% risk of failure)
Press: ? - help, Dir - move target, f - Ijyb
Aim: Ijyb, wielding a +0 club, wearing a +1 leather armour of cold resistance and carrying a wand of light (60% to hit)
You miscast Momentum Strike.
You are very lightly contaminated with residual magic.
Nothing appears to happen.
Ijyb screams, "They call me mad!"
You completely miss Ijyb. Ijyb misses you. You block Ijyb's attack.
You sock Ijyb!
Ijyb is moderately wounded.
Ijyb zaps a wand.
The bolt of light hits you!
You are confused.
You hit Ijyb.
Ijyb is heavily wounded.
Ijyb completely misses you.
You barely miss Ijyb.
Ijyb is heavily wounded.
Ijyb zaps a wand.
The bolt of light hits you!
* * * LOW HITPOINT WARNING * * *
It was a potion of brilliance.
You feel clever all of a sudden.
You feel less confused.
Ijyb zaps a wand.
The bolt of light hits you!
You die...
Ijyb screams, "Time for next experiment!"

..#..°.°.#.#.#
........##.#.#
.######....#.#
#.####.# #.#
#.# #.#
#.######.#
#..gg@...#
#..####### #


You could see Ijyb and a hobgoblin.

Vanquished Creatures
  2 adders
  A ribbon worm (D:2)
  A dart slug (D:1)
  2 bats (D:1)
  4 endoplasms
  A giant cockroach (D:3)
  8 goblins
  3 hobgoblins (D:1)
  2 jackals (D:2)
  3 quokkas
  6 ball pythons
  A frilled lizard (D:2)
  7 kobolds
  4 rats
45 creatures vanquished.

Notes
Turn   | Place    | Note
-------+----------+-------------------------------------------
     0 | D:1      | yaymichael the Mountain Dwarf Reaver began the quest for
                  | the Orb.
     0 | D:1      | Reached XP level 1. HP: 17/17 MP: 3/3
   100 | D:1      | Reached XP level 2. HP: 19/24 MP: 4/4
   246 | D:1      | Learned a level 2 spell: Momentum Strike
   568 | D:1      | Reached skill level 4 in Axes
   571 | D:1      | Reached XP level 3. HP: 26/29 MP: 5/5
  1054 | D:2      | Found Zuologgi's Weapon Shop.
  1079 | D:2      | Found a broken altar of Ashenzari.
  1313 | D:2      | Reached skill level 1 in Armour
  1426 | D:3      | Noticed Sigmund
  1491 | D:3      | Reached XP level 4. HP: 36/37 MP: 6/6
  1495 | D:3      | Learned a level 3 spell: Hailstorm
  1562 | D:3      | Found a radiant altar of Vehumet.
  1574 | D:3      | Noticed Ijyb
  1583 | D:3      | Killed from afar by Ijyb

Illustrated notes

Levels and vault maps discovered:
D:1:      lightli_arrival_farm, layout_basic
D:2:      layout_basic, basic_altar, serial_shops, shop, eino_tiny_chamber
D:3:      layout_loops_ring, fiery_altar_vehumet,
          shapermc_ecumenical_altar_hornbeckon, serial_shops, shop,
          portal_sewer_entry_f, uniq_ijyb, uniq_sigmund

Skill      XL: |  1  2  3 |
---------------+----------+-----
Axes           | 4 |  4.6
Armour         | 1 |  1.0
Conjurations   | 3 |  3.0
Fighting       | |  2.7
Dodging        | |  1.7
Spellcasting   | |  1.9

Action                     |  1- 3 |  4- 6 || total
---------------------------+-------+-------++-------
  Melee: Hand axe          |   150 |       ||   150
         Mace              |       |     9 ||     9
   Cast: Kiss of Death     |     1 |       ||     1
    Use: Scroll            |     5 |     1 ||     6
         Potion            |       |     1 ||     1
 Armour: Leather armour    |   111 |     4 ||   115
  Dodge: Dodged            |    78 |     6 ||    84
  Block: Other             |     9 |     2 ||    11

Table legend: (Time is in decaauts)
 A = Elapsed time spent in this place.
 B = Non-inter-level travel time spent in this place.
 C = Inter-level travel time spent in this place.
 D = Time resting spent in this place.
 E = Time spent auto-exploring this place.
 F = Levels seen in this place.
 G = Mean time per level.
                   A        B        C        D        E       F      G
               +--------+--------+--------+--------+--------+-----+--------+
         Total |   1622 |   1530 |     92 |    102 |    878 |   3 |  540.7 |
       Dungeon |   1622 |   1530 |     92 |    102 |    878 |   3 |  540.7 |
               +--------+--------+--------+--------+--------+-----+--------+

Top non-repeatable levels by time:
     D:1: 778 daAuts
     D:2: 721 daAuts
     D:3: 122 daAuts
